Croesus, chaotic female elven Ranger ---------- |......<.. |....%%..| #.........| #|......... #|........| ------------ #---------- |%%oohhC.GG.@ #### |.\jhG.kho.|# # |...k.o.%..|# # |...h...d%.|### # ------------ # ---+-# ##...^|# |....# |.>.| ----- Croesus the Trailblazer Experience level: 7 Strength: 18 Dexterity: 10 Constitution: 15 Intelligence: 13 Wisdom: 14 Charisma: 8 Health: 0(31) Energy: 34(34) Def: 9 Gold: 2054 Moves: 3045 Dungeon seed: rdhyA8z3M_uPJRWF Game ID: Croesus_1558985723 Your Inventory: Weapons a - an uncursed +0 elven arrow b - 22 uncursed +2 elven arrows (in quiver) c - an uncursed +1 elven bow (weapon in hand) d - an uncursed +1 elven dagger (alternate weapon; not wielded) g - 7 uncursed +0 shuriken j - an uncursed +2 orcish dagger p - an uncursed +0 sling u - 2 uncursed +0 daggers w - 2 uncursed +0 arrows x - 6 uncursed +0 orcish daggers F - 4 uncursed poisoned +0 orcish arrows Q - 10 uncursed +0 darts S - a cursed -1 orcish dagger Armor e - an uncursed +2 elven cloak (being worn) r - an uncursed +0 elven mithril-coat (being worn) y - an uncursed +0 orcish helm (being worn) Y - an uncursed +0 mummy wrapping Comestibles f - 2 uncursed lembas wafers z - an uncursed clove of garlic M - an uncursed male lizard corpse Scrolls s - an uncursed scroll of remove curse N - an uncursed scroll of teleportation X - an uncursed scroll of light Spellbooks O - a cursed spellbook of turn undead Potions K - a blessed potion of healing V - an uncursed potion of hallucination Rings v - a cursed ring of hunger L - an uncursed ring of levitation P - an uncursed ring of stealth Wands i - an uncursed wand of lightning (0:5) W - an uncursed wand of sleep (0:5) Tools l - an uncursed oil lamp (0:1080) E - 4 uncursed tallow candles (0:200) U - an uncursed mirror Gems n - an uncursed touchstone q - an uncursed worthless piece of blue glass Coins $ - 2054 gold pieces Spells and supernatural/magical abilities: Name Level Category Cost Memory W - pray for help -- divine ? -- Your skills at the end: Fighting Skills wands [Basic] Weapon Skills dagger [Basic] bow [Skilled] Spellcasting Skills Final Attributes: You were piously aligned. You were immune to sleep. You saw invisible. You were telepathic. You had automatic searching. You had infravision. You were stealthy. You were fast. You were lucky. Mars was slightly pleased with you. You are dead. Vanquished creatures: a leprechaun an ice vortex 2 gnome kings a lizard a plains centaur a gnome mummy 16 bugbears a wood nymph an Uruk-hai a pony a yellow light 5 gnome lords an elf zombie a giant ant 3 floating eyes 2 kobold lords a kobold shaman 5 hill orcs 2 rothes a centipede a giant bat 4 orc zombies 2 iguanas a gas spore a hobbit 5 large kobolds 17 hobgoblins a giant rat a gnome 4 geckos 9 jackals a kobold 3 goblins 3 sewer rats 3 grid bugs 2 lichens 5 newts 111 creatures vanquished. Genocided species: master liches 1 species genocided. Voluntary challenges: You used a wielded weapon 24 times, starting on turn 475. You read items or engraved 6 times, starting on turn 138. You genocided 1 type of monster, starting on turn 2600. You never polymorphed an object. You never changed form. You used no wishes. You never split a pudding. You wrote Elbereth's name 2 times, starting on turn 3042. You never violated your personal moral code. Dungeon overview: The Dungeons of Doom: levels 1 to 9 Level 1 an altar to Venus a long staircase Level 2 a potion shop Level 3 some fountains Level 4 a fountain, a vault stairs to The Gnomish Mines Level 5 a vault Level 6 an altar to Mars, a fountain Level 7 a fountain Level 8 <- You were here a throne Level 9 The Gnomish Mines: Level 5 stairs to The Dungeons of Doom History has recorded: On T:1 you entered the Dungeons of Doom to retrieve the Amulet of Yendor! On T:271 you reached level 2 of The Dungeons of Doom. On T:592 you reached level 3 of The Dungeons of Doom. On T:939 you advanced to experience level 2. On T:1026 you reached level 4 of The Dungeons of Doom. On T:1267 you advanced to experience level 3. On T:1292 you reached level 5 of The Dungeons of Doom. On T:1473 you reached level 1 of The Gnomish Mines. On T:1644 you advanced to experience level 4. On T:1824 you reached level 6 of The Dungeons of Doom. On T:1849 you advanced to experience level 5. On T:1935 you reached level 7 of The Dungeons of Doom. On T:2110 you advanced to experience level 6. On T:2517 you advanced to experience level 7. On T:2600 you genocided master liches. On T:2694 you reached level 8 of The Dungeons of Doom. On T:2996 you reached level 9 of The Dungeons of Doom. Score breakdown: Gold: 2054 (11269 points) Experience: 7 levels (13645 points) Exploration: 9 levels ( 18.75%) (12377 points) Discoveries: 10 items ( 3.39%) ( 5523 points) Valuables value: (no points given unless you survive) Artifact value: 0 ( 0 points) Variety of kills: 37 monsters ( 9.74%) ( 9361 points) Turncount: 3045 turns ( -621 points) Survival: died (score multiplied by 80%) Total score: 41243 Latest messages: The gnome lady displaces the blue jelly. The bugbear displaces the blue jelly. You add to the writing in the dust with your fingers. (2x) The forest centaur turns to flee! The forest centaur picks up an uncursed +2 elven arrow from the floor. The gnome lady picks up a few items from the floor. The hobgoblin throws a crude dagger! The crude dagger hits the bugbear. The kobold lady displaces the blue jelly. The hobgoblin displaces the blue jelly. The plains centaur displaces the blue jelly. The gnome lady displaces the blue jelly. The forest centaur puts on an iron skull cap. Something is written here in the dust. You read: "?rbere$hEl|erethElbereth". You see no objects here. The gnome lady wields a crossbow! The hobgoblin puts on an iron skull cap. The plains centaur picks up a splint mail from the floor. The bugbear displaces the blue jelly. The gnome lady zaps a maple wand! The wand hits the gnome lady! The gnome lady gets angry at the gnome lady! It must be a wand of striking. The wand hits you! You die... Final status: Goodbye Croesus the Ranger, killed by a gnome lady's wand... You died in The Dungeons of Doom on dungeon level 8 with 41243 points, and 2054 pieces of gold, after 3045 moves. You were level 7 with a maximum of 31 hit points when you died.